 Dungeon Crawl Stone Soup version 0.25.0-9-g26727b657a (webtiles) character file.

Game seed: 16847071010057276489

239 MisterFreud the Skirmisher (level 6, 0/56 HPs)
             Began as a Hill Orc Fighter on June 20, 2020.
             Slain by an orc wizard
             ... wielding a +2 dagger of electrocution
              (12 damage)
             ... on level 4 of the Dungeon.
             The game lasted 00:02:47 (2198 turns).

MisterFreud the Skirmisher (Hill Orc Fighter)       Turns: 2198, Time: 00:02:47

Health: 0/56       AC: 11    Str: 21    XL:     6   Next: 7%
Magic:  6/6        EV:  7    Int:  8    God:
Gold:   79         SH:  9    Dex: 10    Spells: 5/5 levels left

rFire    . . .     SeeInvis .   a - +0 war axe
rCold    . . .     Gourm    .   c - +0 kite shield
rNeg     . . .     Faith    .   b - +0 scale mail
rPois    .         Spirit   .   n - +0 helmet
rElec    .         Reflect  .   (no cloak)
rCorr    .         Harm     .   i - +2 pair of gloves
MR       .....                  (no boots)
Stlth    ..........             (no amulet)
HPRegen  0.18/turn              e - ring of wizardry
MPRegen  0.10/turn              (no ring)

@: no status effects
A: no striking features
a: no special abilities


You were on level 4 of the Dungeon.
You were not hungry.

You visited 1 branch of the dungeon, and saw 5 of its levels.

You collected 79 gold pieces.

Inventory:

Hand Weapons
 a - a +0 war axe (weapon)
Missiles
 p - 21 poisoned darts (quivered)
Armour
 b - a +0 scale mail (worn)
 c - a +0 kite shield (worn)
 i - a +2 pair of gloves (worn)
 n - a +0 helmet (worn)
Jewellery
 e - a ring of wizardry (left hand)
Scrolls
 g - 3 scrolls of teleportation {unknown}
 h - 3 scrolls of identify {unknown}
 j - 9 scrolls of remove curse {unknown}
 l - a scroll of amnesia {unknown}
 t - 2 scrolls of fear {unknown}
 u - a scroll of fog {unknown}
Potions
 d - a potion of might
 k - 2 potions of curing {unknown}
 m - 2 potions of heal wounds {unknown}
 q - a potion of lignification {unknown}
 r - a potion of cancellation {unknown}
 s - a potion of magic {unknown}
 v - a potion of degeneration {unknown}
Comestibles
 f - 5 rations
 o - 2 chunks of flesh


   Skills:
 + Level 5.0 Fighting
 + Level 4.7 Axes
 + Level 4.6 Armour
 + Level 4.5 Shields


You had 5 spell levels left.
You didn't know any spells.
Your spell library contained the following spells:

 Spells                   Type           Power        Failure   Level  Hunger
 Corona                   Hex            #......      85%         1    ##.....
 Ensorcelled Hibernation  Hex/Ice        #.....       92%         2    ###....
 Confusing Touch          Hex            #.......     99%         3    ####...
 Dazzling Flash           Conj/Hex       #.....       99%         3    ####...
 Tukima's Dance           Hex            #.......     99%         3    ####...


Dungeon Overview and Level Annotations

Branches:
Dungeon (5/15)
 Temple: D:4-7

Altars:
Xom


Message History

The orc wizard is lightly wounded.
You block the orc wizard's attack.
You barely miss the orc wizard.
The orc wizard is lightly wounded.
The orc wizard casts a spell.
The orc wizard flickers and vanishes!
Deactivating autopickup; reactivate with Ctrl-A.
Something hits you.
You miss something. Something hits you.
No target in view!
You closely miss something. Something hits you but does no damage.
You are electrocuted!
You miss something. Something hits you. Something hits you but does no damage.
You are electrocuted!
You slash something! Something hits you but does no damage.
You are electrocuted!
* * * LOW HITPOINT WARNING * * *
You miss something. Something hits you but does no damage.
You are electrocuted!
You die...

######### #.......#
##.......########
#####>......[.?......
#.....@.....<.....o..
#$....{......####....
#!...........# o
#.......######
#.......# #####.###
#.# #. #(


There were no monsters in sight!

Vanquished Creatures
  A howler monkey (D:3)
  2 orc priests (D:3)
  A hound (D:4)
  3 adders
  An ooze (D:2)
  2 worms (D:2)
  A dart slug (D:2)
  2 leopard geckos
  5 orcs
  4 ball pythons
  8 bats
  3 giant cockroaches
  12 goblins
  7 hobgoblins
  A quokka (D:3)
  2 frilled lizards
  A jackal skeleton (D:4)
  7 kobolds
  5 rats
68 creatures vanquished.

Notes
Turn   | Place    | Note
-------+----------+-------------------------------------------
     0 | D:1      | MisterFreud the Hill Orc Fighter began the quest for the
                  | Orb.
     0 | D:1      | Reached XP level 1. HP: 19/19 MP: 1/1
   234 | D:1      | Reached XP level 2. HP: 27/27 MP: 2/2
   666 | D:1      | Reached skill level 4 in Fighting
   666 | D:1      | Reached XP level 3. HP: 32/33 MP: 3/3
  1160 | D:2      | Reached XP level 4. HP: 34/40 MP: 4/4
  1433 | D:3      | Reached XP level 5. HP: 28/47 MP: 5/5
  1631 | D:3      | Found a shimmering altar of Xom.
  2138 | D:4      | Reached XP level 6. HP: 49/55 MP: 6/6
  2146 | D:5      | Entered Level 5 of the Dungeon
  2147 | D:5      | Reached skill level 5 in Fighting
  2198 | D:4      | Slain by an orc wizard

Illustrated notes

Levels and vault maps discovered:
D:1:      dpeg_arrival_pits, layout_loops_ring
D:2:      layout_rooms, first_ration
D:3:      corexii_shack_village, layout_basic, xom_teletrap_fun, uniq_ijyb
D:4:      layout_basic, minmay_lizard_king, uniq_natasha
D:5:      layout_basic, kennysheep_mini, kennysheep_big_empty_room

Skill      XL: |  1  2  3  4  5  6 |
---------------+-------------------+-----
Axes           | 3 4 |  4.7
Fighting       | 4 5 |  5.0
Armour         | 4 |  4.6
Shields        | 4 |  4.5

Action                   |  1- 3 |  4- 6 || total
-------------------------+-------+-------++-------
Melee: War axe           |    89 |   100 ||   189
  Eat: Chunk             |     1 |     3 ||     4
Armor: Scale mail        |    37 |    57 ||    94
Dodge: Dodged            |    24 |    33 ||    57
Block: Kite shield       |    47 |    62 ||   109
